[Event "Live Chess"]
[Site "Chess.com"]
[Date "2023.05.21"]
[Round "-"]
[White "Ed_Knox"]
[Black "Ferrarifan27"]
[Result "0-1"]
[WhiteElo "1472"]
[BlackElo "2051"]
[TimeControl "300"]
[EndTime "9:01:33 PDT"]
[Termination "Ferrarifan27 won by checkmate"]

1. d4 Nf6 2. Bf4 c5 3. e3 Qb6 4. Qc1 cxd4 5. exd4 Qxd4 6. Be3 Qe5 7. Nf3 Qa5+ 8. Nc3 d5 9. Bd2 Qd8 10. Bb5+ Bd7 11.
Bxd7+ Nbxd7 12. O-O e6 13. Re1 Be7 14. Ne5 Nxe5 15.
Rxe5 O-O 16. Bg5 h6 17. Bxf6 Bxf6 18. Re3 d4 19. Rg3 dxc3 20. Qxh6 cxb2 21. Rb1 Rc8 22.
Qh5 Rxc2 23. Rf1 Rc1 24. Rh3 Rxf1+ 25. Kxf1 b1=Q+ 26. Ke2 Qdd1+ 27. Ke3 Qbd3+ 28. Kf4 e5+ 29. Qxe5 Bxe5+ 30. Kxe5 Qd6+ 31. Ke4 Q1d5+ 32. Ke3 Qd3# 0-1

[Event "Live Chess"]
[Site "Chess.com"]
[Date "2023.05.21"]
[Round "-"]
[White "Shparii"]
[Black "jimwad"]
[Result "1-0"]
[WhiteElo "1459"]
[BlackElo "1217"]
[TimeControl "300"]
[EndTime "9:01:35 PDT"]
[Termination "Shparii won by resignation"]

1. e4 e5 2. Nf3 Nc6 3. Bb5 Nf6 4. O-O Bc5 5. Re1 d6 6. c3 O-O 7. d4 exd4 8. cxd4 Bb4 9. Nc3 Bg4 10. e5 dxe5 11. dxe5 Qxd1 12. Rxd1 Nxe5 13. Nxe5 Bxd1 14. Nxd1 Rad8 15. Ne3 c6 16. Be2 Ne4 17. a3 Bd2 18.
Bxd2 Rxd2 19. Bf3 Nxf2 20. N5c4 Rxb2 21. Nxb2 1-0

[Event "Live Chess"]
[Site "Chess.com"]
[Date "2023.05.21"]
[Round "-"]
[White "SupremeTactician"]
[Black "seabuck"]
[Result "1/2-1/2"]
[WhiteElo "2142"]
[BlackElo "1901"]
[TimeControl "300"]
[EndTime "9:01:47 PDT"]
[Termination "Game drawn by agreement"]

1. e4 e6 2. d4 d5 3. Nd2 c5 4.
Ngf3 Nc6 5. Bb5 dxe4 6. Nxe4 Qa5+ 7. Nc3 Bd7 8. Bxc6 Bxc6 9. Be3 cxd4 10. Bxd4 Nf6 11.
Bxf6 gxf6 12. O-O Rd8 13. Qe2 Bb4 14. Ne4 Ke7 15. c3 Bc5 16. b4 Qb5 17. Qxb5 Bxb5 18. Nxc5 Bxf1 19. Kxf1 b6 20. Ne4 f5 21. Ned2 Rc8 22. c4 Rhd8 23. Ke2 f6 24. Rd1 e5 25.
Nb3 Rxc4 1/2-1/2

[Event "Live Chess"]
[Site "Chess.com"]
[Date "2023.05.21"]
[Round "-"]
[White "MaximKris"]
[Black "MartinWalker4"]
[Result "0-1"]
[WhiteElo "1795"]
[BlackElo "2096"]
[TimeControl "300"]
[EndTime "9:01:52 PDT"]
[Termination "MartinWalker4 won by checkmate"]

1. e4 Nf6 2. Nc3 d5 3. exd5 Nxd5 4. Nxd5 Qxd5 5. Nf3 Bg4 6. Bd3 Bxf3 7. Qxf3 Qxf3 8. gxf3 Nc6 9. O-O Ne5 10. Kg2 Nxd3 11. cxd3 O-O-O 12. Re1 Rxd3 13. Re4 e6 14. Rc4 Bd6 15. Rc3 Rxc3 16. dxc3 Rd8 17. Be3 a6 18. Re1 Be7 19. f4 Rd3 20. Bd4 g6 21. f5 gxf5 22. Re3 Rxe3 23.
Bxe3 e5 24. Kf3 Kd7 25. Bd2 Ke6 26. Ke3 Bg5+ 27. Kd3 Bxd2 28. Kxd2 e4 29. Ke2 Ke5 30. Ke3 f4+ 31. Ke2 f5 32. b3 f3+ 33. Ke3 f4+ 34. Kd2 e3+ 35. fxe3 f2 36. Ke2 fxe3 37. c4 Ke4 38.
Kf1 Kf3 39. c5 e2# 0-1

[Event "Live Chess"]
[Site "Chess.com"]
[Date "2023.05.21"]
[Round "-"]
[White "onemoretime1975"]
[Black "WilliamofOrange16th"]
[Result "1/2-1/2"]
[WhiteElo "1850"]
[BlackElo "1846"]
[TimeControl "300"]
[EndTime "9:02:03 PDT"]
[Termination "Game drawn by agreement"]

1. e4 d6 2. g3 Nf6 3. Bg2 e5 4. d3 Be7 5. c3 c6 6. Nf3 O-O 7. O-O Qc7 8. h3 h6 9. Be3 Be6 10. Nbd2 d5 11. exd5 cxd5 12. d4 e4 13. Ne5 Bd6 14.
f4 Bc8 15. g4 Nh7 16. h4 Be7 17.
g5 hxg5 18. hxg5 Bf5 19. Qh5 Qd6 20. Bh3 g6 21. Qh4 Qe6 22. Bxf5 Qxf5 23. Qg4 Nc6 24.
Qxf5 gxf5 25. g6 fxg6 26. Nxg6 Rf7 27. Rf2 Rg7 28. Rg2 Kf7 29. Ne5+ Nxe5 30. dxe5 Rag8 31.
Rxg7+ Rxg7+ 32. Kh1 b6 33. Rg1 Nf8 34. Nb3 Ne6 35.
Rxg7+ Kxg7 36. Nd4 Nxd4 37. cxd4 Kg6 38. Kg2 Kh5 39.
Kh3 b5 40. a3 b4 41. a4 a6 42. b3 a5 43. Bf2 1/2-1/2

[Event "Live Chess"]
[Site "Chess.com"]
[Date "2023.05.21"]
[Round "-"]
[White "gmnorfolk"]
[Black "luckywookie"]
[Result "1-0"]
[WhiteElo "2131"]
[BlackElo "838"]
[TimeControl "300"]
[EndTime "9:02:11 PDT"]
[Termination "gmnorfolk won by checkmate"]

1. d4 d5 2. c4 c6 3. Nf3 Nf6 4. Nc3 e6 5. cxd5 exd5 6. Bg5 Nbd7 7. e3 Bd6 8. Bd3 h6 9. Bh4 g5 10. Bg3 Bxg3 11. hxg3 Qe7 12. Nxg5 c5 13. Nf3 Ne4 14.
Nxd5 Qf8 15. Bxe4 cxd4 16. Nc7+ Kd8 17. Nxa8 Qb4+ 18. Kf1 b6 19. Qc1 Ba6+ 20. Kg1 Nc5 21. Bd5 Qb5 22. exd4 Nd3 23. Qc7+ Ke8 24. Qxf7+ Kd8 25.
Qf6+ Kc8 26. Qxh8+ Kd7 27. Qg7+ Kd6 28. Qc7+ Kxd5 29. Rh5+ Ne5 30. Rxe5# 1-0

[Event "Live Chess"]
[Site "Chess.com"]
[Date "2023.05.21"]
[Round "-"]
[White "Pablo_dmp"]
[Black "Grookey2012"]
[Result "1-0"]
[WhiteElo "1826"]
[BlackElo "568"]
[TimeControl "300"]
[EndTime "9:02:32 PDT"]
[Termination "Pablo_dmp won by resignation"]

1. e4 d5 2. exd5 Qxd5 3. Nc3 Qe6+ 4. Qe2 Qe5 5. Qxe5 c6 6. Nf3 c5 7. Qd5 c4 8. Bxc4 Be6 9. Bb5+ Nc6 10. Bxc6+ bxc6 11. Qxc6+ Kd8 12. Qxa8+ Kc7 13. Qxa7+ 1-0

[Event "Live Chess"]
[Site "Chess.com"]
[Date "2023.05.21"]
[Round "-"]
[White "NotHarryV"]
[Black "Long1968"]
[Result "1-0"]
[WhiteElo "1517"]
[BlackElo "980"]
[TimeControl "300"]
[EndTime "9:02:44 PDT"]
[Termination "NotHarryV won on time"]

1. d4 e6 2. c4 d5 3. Nf3 Nf6 4. g3 Bb4+ 5. Bd2 Qe7 6. cxd5 Nxd5 7. Bg2 a5 8. O-O O-O 9. e4 Nf6 10. Qc2 Nc6 11. Bg5 h6 12. Bxf6 Qxf6 13. e5 Qf5 14. Qxf5 exf5 15. a3 Be7 16. Nc3 Rd8 17.
Rfd1 Be6 18. d5 Na7 19. dxe6 fxe6 20. Rxd8+ Rxd8 21. Rd1 Rxd1+ 22. Nxd1 Nc6 23. Nc3 g5 24. Nb5 g4 25. Nfd4 Nxe5 26. Nxe6 Kf7 27. Nf4 c6 28.
Nd4 Kf6 29. h3 Bc5 30. Nb3 Bb6 31. hxg4 fxg4 32. a4 1-0

[Event "Live Chess"]
[Site "Chess.com"]
[Date "2023.05.21"]
[Round "-"]
[White "Doge_Dandolo"]
[Black "EdenHazard8"]
[Result "1-0"]
[WhiteElo "1877"]
[BlackElo "1932"]
[TimeControl "300"]
[EndTime "9:02:44 PDT"]
[Termination "Doge_Dandolo won by checkmate"]

1. Nf3 d5 2. c4 d4 3. b4 e5 4. Qa4+ Bd7 5. b5 Bc5 6. d3 f5 7. g3 e4 8. Nfd2 e3 9. fxe3 dxe3 10. Nf3 Nf6 11. Bg2 Ng4 12. O-O O-O 13. Na3 a6 14.
Nc2 f4 15. gxf4 Rxf4 16. d4 Bd6 17. Nxe3 Nxe3 18. Bxe3 Rg4 19. c5 Qe8 20. Qb3+ Be6 21. d5 Kh8 22. dxe6 Qg6 23. Ne1 Bxh2+ 24. Kh1 Qh5 25.
Rf8# 1-0

[Event "Live Chess"]
[Site "Chess.com"]
[Date "2023.05.21"]
[Round "-"]
[White "Ian-Morley"]
[Black "MarkLim1"]
[Result "0-1"]
[WhiteElo "1120"]
[BlackElo "1722"]
[TimeControl "300"]
[EndTime "9:02:45 PDT"]
[Termination "MarkLim1 won by resignation"]

1. e4 c6 2. Nf3 d5 3. exd5 cxd5 4. d4 Bg4 5. Be2 Nc6 6. Nc3 e6 7. Bf4 Qb6 8. b3 Bxf3 9. Bxf3 Nxd4 10. O-O Nxf3+ 11.
Qxf3 Nf6 12. Be5 Be7 13. Bxf6 Bxf6 14. Rad1 O-O 15. a4 Rac8 16. Nb5 a6 17. Na3 Rc3 18. Qe2 Qc5 19. h3 Qxa3 20. Rd3 Qc5 21. Rxc3 Qxc3 22. Qd3 Qxd3 23. cxd3 Rc8 24. Rd1 g6 25.
Kh2 Bd4 26. f3 Rc3 27. b4 Rb3 28. b5 axb5 29. axb5 Rxb5 30. Ra1 0-1

[Event "Live Chess"]
[Site "Chess.com"]
[Date "2023.05.21"]
[Round "-"]
[White "whatnot126"]
[Black "viktorskliarov"]
[Result "0-1"]
[WhiteElo "2067"]
[BlackElo "2629"]
[TimeControl "300"]
[EndTime "9:03:05 PDT"]
[Termination "viktorskliarov won by resignation"]

1. e4 c5 2. c3 d6 3. d4 Nf6 4. Bd3 g6 5. Bg5 Bg7 6. f4 O-O 7. Nf3 cxd4 8. cxd4 Nc6 9. h3 d5 10. e5 Ne4 11. O-O Qb6 12. Nc3 Nxd4 13. Kh2 Nxf3+ 14. gxf3 Nxg5 15. fxg5 Bxe5+ 16. f4 Bxc3 17. bxc3 Be6 18. Qf3 Qc7 19. h4 Qxc3 20. Rad1 Rac8 21. h5 b5 22. Rc1 Qb2+ 0-1

[Event "Live Chess"]
[Site "Chess.com"]
[Date "2023.05.21"]
[Round "-"]
[White "Ferrarifan27"]
[Black "mattihelenius2"]
[Result "1-0"]
[WhiteElo "2051"]
[BlackElo "483"]
[TimeControl "300"]
[EndTime "9:03:06 PDT"]
[Termination "Ferrarifan27 won by resignation"]

1. e4 e6 2. d4 Nc6 3. d5 Nd4 4.
Qxd4 Nf6 5. Bg5 Be7 6. Nf3 b6 7.
Nc3 Bc5 8. Qd3 h6 9. Bh4 Be7 10. Bxf6 Bxf6 11. e5 Bg5 12. dxe6 fxe6 13. Qg6+ Ke7 14.
Qxg7+ Ke8 1-0

[Event "Live Chess"]
[Site "Chess.com"]
[Date "2023.05.21"]
[Round "-"]
[White "domrobson"]
[Black "manthanit"]
[Result "1-0"]
[WhiteElo "1789"]
[BlackElo "1120"]
[TimeControl "300"]
[EndTime "9:03:10 PDT"]
[Termination "domrobson won by checkmate"]

1. d4 e6 2. c4 d5 3. Nf3 c5 4.
Nc3 cxd4 5. Nxd4 dxc4 6. e4 Nf6 7. Bg5 Be7 8. e5 Nd5 9. Bxe7 Nxe7 10. Bxc4 O-O 11. O-O b6 12. Qb3 Bb7 13. Bxe6 fxe6 14. Nxe6 Kh8 15. Nxd8 Rxd8 16. Rad1 Na6 17. Qa3 Rxd1 18.
Rxd1 Rg8 19. Qxe7 Nc5 20. b4 Bxg2 21. bxc5 Bf3 22. Rd7 bxc5 23. Nd5 Bxd5 24. Rxd5 h6 25. Rd8 Kh7 26. Rxg8 Kxg8 27. Qxc5 Kh7 28. Qxa7 Kg6 29. Qd7 Kh7 30. Qg4 Kg8 31. Qf5 Kh8 32. e6 Kg8 33. Qf7+ Kh7 34. Qf5+ Kg8 35. e7 Kh8 36.
e8=Q# 1-0

[Event "Live Chess"]
[Site "Chess.com"]
[Date "2023.05.21"]
[Round "-"]
[White "ossie57"]
[Black "Grookey2012"]
[Result "1-0"]
[WhiteElo "1818"]
[BlackElo "568"]
[TimeControl "300"]
[EndTime "9:03:13 PDT"]
[Termination "ossie57 won by resignation"]

1. e4 e5 2. Nf3 d5 3. exd5 Qxd5 4. Nc3 e4 5. Nxd5 Bf5 6. Nxc7+ Kd8 7. Nxa8 Kc8 8. Nd4 Kd8 9. Nxf5 Kc8 10. Qg4 Kd8 11. Nd4 1-0

[Event "Live Chess"]
[Site "Chess.com"]
[Date "2023.05.21"]
[Round "-"]
[White "zdanevych"]
[Black "HoarseyHorsey"]
[Result "0-1"]
[WhiteElo "1451"]
[BlackElo "1476"]
[TimeControl "300"]
[EndTime "9:03:18 PDT"]
[Termination "HoarseyHorsey won by resignation"]

1. d4 Nf6 2. c4 e6 3. Nc3 d5 4. c5 b6 5. cxb6 axb6 6. Nf3 c5 7. e3 Nc6 8. Bd3 Bd6 9. O-O O-O 10. h3 Re8 11. Bd2 e5 12. dxe5 Nxe5 13. Nxe5 Bxe5 14.
Rc1 d4 15. exd4 Bxd4 16. Bb1 Bb7 17. Bg5 Qd6 18. Bxf6 Qxf6 19. Qd3 g6 20. Ne2 Rad8 21. Nxd4 Rxd4 22. Qc3 Red8 23. Bc2 Qg5 24. Qg3 Qxg3 25. fxg3 Rd2 26. Rf2 Rxf2 27. Kxf2 Rd2+ 28. Ke3 Rxg2 29. Kf4 Kg7 30. Re1 Rxc2 0-1

[Event "Live Chess"]
[Site "Chess.com"]
[Date "2023.05.21"]
[Round "-"]
[White "educatedlad"]
[Black "Duke_of_Bebington"]
[Result "1-0"]
[WhiteElo "1614"]
[BlackElo "1540"]
[TimeControl "300"]
[EndTime "9:03:18 PDT"]
[Termination "educatedlad won by resignation"]

1. e4 d5 2. exd5 Nf6 3. d4 Nxd5 4. c4 Nb6 5. Nf3 c6 6. Nc3 Bf5 7. c5 Nd5 8. Bc4 e6 9. O-O h6 10. Re1 Nd7 11. Bxd5 Be7 12. Be4 O-O 13. Bxf5 exf5 14.
Ne5 Nxe5 15. Rxe5 Bf6 16. Rxf5 Bxd4 17. Qg4 Bf6 18. Bxh6 1-0

[Event "Live Chess"]
[Site "Chess.com"]
[Date "2023.05.21"]
[Round "-"]
[White "RichardABates"]
[Black "Biranidun"]
[Result "0-1"]
[WhiteElo "2187"]
[BlackElo "2528"]
[TimeControl "300"]
[EndTime "9:03:19 PDT"]
[Termination "Biranidun won by resignation"]

1. d4 Nf6 2. Nf3 g6 3. c4 Bg7 4. g3 O-O 5. Bg2 d6 6. O-O Nbd7 7. Nc3 e5 8. e4 c6 9. Rb1 exd4 10. Nxd4 Re8 11. b3 Nc5 12. f3 a5 13. Kh1 Nfd7 14. Be3 Ne5 15. Qd2 Qc7 16. a3 a4 17. b4 Nxc4 18. Qe2 Nxe3 19. Qxe3 Ne6 20. Nxe6 Bxe6 21. f4 Bb3 22. e5 dxe5 23. f5 gxf5 24. Rxf5 Bc2 25.
Rg5 Bxb1 26. Nxb1 f6 27. Rh5 Qf7 28. g4 Rad8 29. Be4 h6 30. Nc3 Rd4 31. Ne2 Rxe4 32. Qxe4 Qd5 33. Nc3 Qxe4+ 34. Nxe4 Rd8 35. Nc5 b5 36.
Rf5 Kf7 37. Kg2 Rd4 38. h3 Bf8 0-1

[Event "Live Chess"]
[Site "Chess.com"]
[Date "2023.05.21"]
[Round "-"]
[White "BillythekidFellowes"]
[Black "Missedidea"]
[Result "0-1"]
[WhiteElo "2110"]
[BlackElo "1787"]
[TimeControl "300"]
[EndTime "9:03:21 PDT"]
[Termination "Missedidea won by checkmate"]

1. e4 c5 2. Nf3 d6 3. d4 cxd4 4. Nxd4 Nf6 5. Bc4 g6 6. Bg5 Bg7 7. h4 O-O 8. f3 Nc6 9. Nxc6 bxc6 10. h5 Nxh5 11. Rxh5 Qa5+ 12. c3 gxh5 13. Bxe7 d5 14. Bxf8 Bxf8 15. exd5 Bf5 16. dxc6 Qc5 17. Qd5 Qg1+ 18.
Ke2 Re8+ 19. Kd2 Qe1# 0-1

[Event "Live Chess"]
[Site "Chess.com"]
[Date "2023.05.21"]
[Round "-"]
[White "FunSingingHawk"]
[Black "lHolyDiverl"]
[Result "0-1"]
[WhiteElo "657"]
[BlackElo "567"]
[TimeControl "300"]
[EndTime "9:03:32 PDT"]
[Termination "lHolyDiverl won on time"]

1. d4 d5 2. c4 Nf6 3. Nf3 Bf5 4. Nc3 Ne4 5. Nxd5 e6 6. e3 exd5 7. cxd5 Qxd5 8. Bd3 Bb4+ 9. Bd2 Nxd2 10. Bb5+ Qxb5 11. Nxd2 Qc6 12. a3 Qxg2 13. Ke2 Bd6 14. Rg1 Bg4+ 15.
Nf3 Qxf3+ 16. Ke1 Qxd1+ 17. Rxd1 Bxd1 18. Kxd1 O-O 19. e4 Nc6 20. e5 Be7 21. d5 Rad8 22.
Rg4 Rxd5+ 23. Ke1 Rxe5+ 24. Kd1 Rd8+ 25. Kc1 Re1+ 26. Kc2 Nd4+ 27. Kd3 Nb3+ 28. Kc4 Na1 0-1

[Event "Live Chess"]
[Site "Chess.com"]
[Date "2023.05.21"]
[Round "-"]
[White "SupremeTactician"]
[Black "Dhaydon19"]
[Result "0-1"]
[WhiteElo "2141"]
[BlackElo "2688"]
[TimeControl "300"]
[EndTime "9:03:41 PDT"]
[Termination "Dhaydon19 won by resignation"]

1. e4 c6 2. d4 d5 3. Nc3 dxe4 4. Nxe4 Nf6 5. Nxf6+ exf6 6. c3 Bd6 7. Bd3 O-O 8.
Qc2 Re8+ 9. Ne2 g6 10. O-O Nd7 11. Re1 f5 12. Be3 Nf6 13. Rad1 Ng4 14. Bf4 Rxe2 15. Bxe2 Bxf4 16. Bxg4 fxg4 17. g3 Bf5 18. Qb3 Bd6 19. Qxb7 Rc8 20. Re3 h5 21. Rde1 Kg7 22.
Qxa7 c5 23. Qb7 h4 24. Qd5 hxg3 25. fxg3 Qf6 26. dxc5 Bxc5 27. Kg2 Bxe3 28. Rxe3 Rd8 29. Qe5 Rd2+ 30. Kf1 0-1

[Event "Live Chess"]
[Site "Chess.com"]
[Date "2023.05.21"]
[Round "-"]
[White "youtookmyhorse"]
[Black "MaximKris"]
[Result "0-1"]
[WhiteElo "784"]
[BlackElo "1795"]
[TimeControl "300"]
[EndTime "9:03:48 PDT"]
[Termination "MaximKris won by checkmate"]

1. e4 e5 2. Nc3 Nc6 3. Nf3 Bc5 4. Bb5 Nf6 5. Bxc6 dxc6 6. O-O Bg4 7. d3 Bxf3 8. Qxf3 Qd7 9. Bg5 O-O-O 10. Bxf6 gxf6 11. Qxf6 Rhg8 12. Qxe5 Bd4 13. Qa5 Rxg2+ 14. Kxg2 Qg4+ 15. Kh1 Qf3+ 16. Kg1 Rg8+ 17. Qg5 Rxg5# 0-1

[Event "Live Chess"]
[Site "Chess.com"]
[Date "2023.05.21"]
[Round "-"]
[White "davigator"]
[Black "jagbama"]
[Result "1-0"]
[WhiteElo "2306"]
[BlackElo "1189"]
[TimeControl "300"]
[EndTime "9:03:55 PDT"]
[Termination "davigator won by checkmate"]

1. e4 e5 2. Nf3 Nc6 3. Bb5 Bc5 4. c3 d6 5. d4 Bb6 6. d5 a6 7. Ba4 Bg4 8. dxc6 Rb8 9. cxb7+ Kf8 10. Be3 Rxb7 11. b4 a5 12. a3 Bxe3 13. fxe3 Nf6 14.
Nbd2 d5 15. Bc6 Rb6 16. Bxd5 Nxd5 17. exd5 Qxd5 18. e4 Qc6 19. Rc1 h5 20. O-O Qg6 21. Kh1 h4 22. h3 Bh5 23. Qe1 Rf6 24. Qe3 Bxf3 25. Nxf3 Qg3 26. Qc5+ Kg8 27. Qxc7 g5 28. Rcd1 g4 29. Ng1 gxh3 30. Nxh3 Rxf1+ 31. Rxf1 Rh7 32. Qxa5 Rg7 33. Rg1 Qxc3 34. Qd8+ Kh7 35. Qxh4+ Kg8 36. Qf6 Rh7 37. Qf5 Qxa3 38. b5 Qb3 39. Qd7 f6 40.
Qd5+ Qxd5 41. exd5 Kf8 42. Rb1 Rb7 43. b6 Ke7 44.
Nf2 Kd6 45. Ne4+ Kxd5 46. Nxf6+ Kc6 47. Kg1 Rxb6 48. Rxb6+ Kxb6 49. Kf2 Kc6 50. Kf3 Kd6 51. Ke4 Ke6 52. Ng4 Kd6 53. Nxe5 Ke6 54. g4 Kf6 55. Kf4 Kg7 56. Kf5 Kg8 57. Kg6 Kf8 58. Kh7 Ke7 59. g5 Ke6 60. g6 Kxe5 61. g7 Kf4 62.
g8=Q Kf3 63. Qg5 Ke2 64. Qg3 Kd2 65. Kg6 Kc2 66. Kf5 Kd2 67. Ke4 Ke2 68. Qg2+ Kd1 69. Kd3 Kc1 70. Qc2# 1-0

[Event "Live Chess"]
[Site "Chess.com"]
[Date "2023.05.21"]
[Round "-"]
[White "Duke_of_Bebington"]
[Black "Grookey2012"]
[Result "1-0"]
[WhiteElo "1540"]
[BlackElo "568"]
[TimeControl "300"]
[EndTime "9:03:55 PDT"]
[Termination "Duke_of_Bebington won by resignation"]

1. e4 d5 2. exd5 Qxd5 3. d4 Qe6+ 4.
Be3 Nc6 5. Nf3 Bd7 6. Bb5 O-O-O 7.
O-O Nf6 8. c4 Ne4 9. d5 Qg6 10.
dxc6 Bxc6 11. Qc2 1-0

[Event "Live Chess"]
[Site "Chess.com"]
[Date "2023.05.21"]
[Round "-"]
[White "McSlash1"]
[Black "yarek"]
[Result "1-0"]
[WhiteElo "1978"]
[BlackElo "1851"]
[TimeControl "300"]
[EndTime "9:03:59 PDT"]
[Termination "McSlash1 won on time"]

1. e4 g6 2. d4 Bg7 3. f4 c6 4. Nf3 d5 5. e5 Bg4 6. h3 Bxf3 7. Qxf3 e6 8. Bd3 Nd7 9. O-O c5 10. c3 Ne7 11. g4 cxd4 12. cxd4 Qb6 13. Qf2 h5 14. g5 Nf5 15. Bxf5 gxf5 16. Nc3 h4 17.
Be3 Bf8 18. a4 a5 19. Nb5 Rc8 20. Rac1 Rc4 21. Rxc4 dxc4 22. d5 Qd8 23. d6 Bg7 24.
Rc1 Nxe5 25. fxe5 Bxe5 26. Bd4 Bg3 27. Qe2 O-O 28. Qh5 e5 29. g6 fxg6 30. Qxg6+ Kh8 31. Rxc4 exd4 32. Rc7 1-0

[Event "Live Chess"]
[Site "Chess.com"]
[Date "2023.05.21"]
[Round "-"]
[White "bedsdrout"]
[Black "Mikhail_Golubev"]
[Result "1-0"]
[WhiteElo "1875"]
[BlackElo "2406"]
[TimeControl "300"]
[EndTime "9:04:11 PDT"]
[Termination "bedsdrout won on time"]

1. e4 Na6 2. Nc3 c6 3. d4 Nc7 4.
Bd3 d5 5. e5 g6 6. Bd2 h5 7.
Nce2 Nh6 8. Nf4 Bf5 9. Nf3 Bxd3 10. Nxd3 Ne6 11. c3 Nf5 12. O-O Qd7 13. Ng5 Nxg5 14. Bxg5 Bg7 15. Nf4 e6 16. Re1 Bh6 17. Bxh6 Rxh6 18.
Qa4 Kf8 19. Qc2 g5 20. Nd3 Kg7 21. a4 Kh7 22. a5 g4 23. Qb3 Qe7 24. Ra4 h4 25.
Rb4 Rb8 26. Rf1 g3 27. h3 gxf2+ 28. Nxf2 Ne3 29. Ng4 Nxg4 30. Qc2+ Kg7 31. Qe2 Rg6 32. hxg4 b5 33. Rf4 Qg5 34. Qf2 f6 35. exf6+ Rxf6 36. Rxf6 Qxf6 37. Qe1 Rf8 38. Rb3 h3 39. gxh3 Qf3 40.
Ra3 Qxh3 41. c4 1-0

[Event "Live Chess"]
[Site "Chess.com"]
[Date "2023.05.21"]
[Round "-"]
[White "MartinWalker4"]
[Black "gmnorfolk"]
[Result "1/2-1/2"]
[WhiteElo "2097"]
[BlackElo "2130"]
[TimeControl "300"]
[EndTime "9:04:17 PDT"]
[Termination "Game drawn by agreement"]

1. e4 e5 2. Nf3 Nf6 3. Nxe5 d6 4. Nf3 Nxe4 5. Nc3 Nf6 6. d4 Be7 7. Bd3 O-O 8. O-O Bg4 9. Ne4 c6 10. c3 Nxe4 11. Bxe4 d5 12. Bd3 Bf6 13. Be2 Nd7 14.
Ne5 Bxe2 15. Qxe2 Re8 16. f4 g6 17. Bd2 Bg7 18. Qf3 f6 19. Nxd7 Qxd7 20. f5 Qxf5 21. Qxf5 gxf5 22. Rxf5 Re2 23. Rf2 Rae8 24. Raf1 Rxf2 1/2-1/2

[Event "Live Chess"]
[Site "Chess.com"]
[Date "2023.05.21"]
[Round "-"]
[White "NotHarryV"]
[Black "Ian-Morley"]
[Result "1-0"]
[WhiteElo "1519"]
[BlackElo "1119"]
[TimeControl "300"]
[EndTime "9:04:20 PDT"]
[Termination "NotHarryV won by resignation"]

1. d4 e5 2. dxe5 Nc6 3. Nf3 Qe7 4. Bf4 Qb4+ 5. Bd2 Qxb2 6. Nc3 Nb4 7. Nd4 c5 8. Rb1 Nxc2+ 9. Nxc2 Qb6 10. Rxb6 axb6 11. Qb1 Ne7 12. Nb5 Nc6 13. Nc7+ 1-0

[Event "Live Chess"]
[Site "Chess.com"]
[Date "2023.05.21"]
[Round "-"]
[White "mirandaasilva"]
[Black "GMHarry-youtube"]
[Result "0-1"]
[WhiteElo "1655"]
[BlackElo "1987"]
[TimeControl "300"]
[EndTime "9:04:23 PDT"]
[Termination "GMHarry-youtube won by resignation"]

1. Nf3 e5 2. d4 e4 3. Nfd2 e3 4. fxe3 Bd6 5. g3 h5 6. Bh3 h4 7.
g4 Qe7 8. Nf3 c6 9. c4 Bc7 10.
b3 d5 11. Ba3 Bd6 12. Bxd6 Qxd6 13. Nc3 Nf6 14. Qd3 Nxg4 15. Rg1 Nxh2 16. Bxc8 Nxf3+ 17. exf3 Qh2 18. Qf1 Qb2 19. Bxb7 Qxa1+ 20. Kd2 Qb2+ 21. Kd3 Na6 22. a3 Rb8 23. Bxa6 Rxb3 24. Qc1 Qf2 25. Rf1 Qg3 26. Kc2 Rb6 27. Bc8 Qg2+ 28. Kd3 O-O 29. Bg4 f5 30. Rg1 Qf2 31. Bh5 f4 32. cxd5 cxd5 33. Nxd5 Rb3+ 34. Nc3 fxe3 35. Qxe3 Rxc3+ 36.
Ke4 Qxe3+ 0-1

[Event "Live Chess"]
[Site "Chess.com"]
[Date "2023.05.21"]
[Round "-"]
[White "zdanevych"]
[Black "AyannaTang"]
[Result "1-0"]
[WhiteElo "1451"]
[BlackElo "230"]
[TimeControl "300"]
[EndTime "9:04:24 PDT"]
[Termination "zdanevych won by checkmate"]

1. d4 e5 2. dxe5 d5 3. exd6 Qf6 4. dxc7 Nc6 5. Nf3 Bc5 6. Bg5 Qf5 7. e3 Be6 8. Bb5 a6 9. Bxc6+ bxc6 10. Qd8+ Rxd8 11. cxd8=Q# 1-0

[Event "Live Chess"]
[Site "Chess.com"]
[Date "2023.05.21"]
[Round "-"]
[White "lord_cll"]
[Black "Ra2orLeaf"]
[Result "1/2-1/2"]
[WhiteElo "1218"]
[BlackElo "1160"]
[TimeControl "300"]
[EndTime "9:04:33 PDT"]
[Termination "Game drawn by stalemate"]

1. e4 c5 2. c3 Nc6 3. Nf3 e6 4. d4 cxd4 5. cxd4 d6 6. Nc3 Be7 7. Bb5 a6 8. Ba4 Nf6 9. Be3 O-O 10. h3 b5 11. Bb3 d5 12. e5 Nd7 13. O-O Nb6 14. a4 b4 15. Ne2 Na5 16. Bc2 Nac4 17. b3 Nxe3 18. fxe3 a5 19. Ng3 Ba6 20. Bd3 h6 21.
Bxa6 Rxa6 22. e4 Bh4 23. Nxh4 Qxh4 24. Qf3 dxe4 25. Nxe4 Nd5 26. Nc5 Qxd4+ 27. Qf2 Qxf2+ 28. Rxf2 Ra7 29. Rd1 Rc8 30. Ne4 Rac7 31. Nd6 Rc1 32.
Rdf1 R8c7 33. Kh2 Rxf1 34. Rxf1 Rc3 35. Nxf7 Rxb3 36. Nd8 Nc7 37. Nc6 Ra3 38. Nxa5 Rxa4 39. Nc6 Ra6 40. Ne7+ Kh7 41. Rc1 b3 42. Rxc7 b2 43.
Rb7 Ra2 44. Nc6 Kg6 45. Nd4 Kg5 46. Ne2 Kf5 47. Nc3 Ra5 48. Rxb2 Rxe5 49. Rf2+ Kg6 50. Ne2 h5 51. Nf4+ Kg5 52. Nd3 g6 53. Nxe5 Kh4 54.
Nxg6+ Kg5 55. Nf8 Kh4 56. Nxe6 1/2-1/2

[Event "Live Chess"]
[Site "Chess.com"]
[Date "2023.05.21"]
[Round "-"]
[White "Olisingapore"]
[Black "Bob2pen"]
[Result "0-1"]
[WhiteElo "1803"]
[BlackElo "1879"]
[TimeControl "300"]
[EndTime "9:04:42 PDT"]
[Termination "Bob2pen won by checkmate"]

1. d4 Nf6 2. c4 c5 3. d5 e6 4. g3 exd5 5. cxd5 d6 6. Bg2 g6 7.
Nc3 Bg7 8. Nf3 O-O 9. O-O a6 10. a4 Bg4 11. Bf4 Qe7 12. h3 Bxf3 13. Bxf3 Nbd7 14. Qd3 Rab8 15. e4 Ne5 16. Bxe5 Qxe5 17. Rfe1 Nd7 18. Kg2 Rfe8 19. Bg4 Nf6 20. f4 Qd4 21.
Qc2 Nxg4 22. hxg4 b5 23. axb5 axb5 24. Red1 Qc4 25. Ra6 b4 26. Qd3 Qxd3 27. Rxd3 bxc3 28. bxc3 Rb2+ 29. Kh3 Rd8 30. e5 dxe5 31. fxe5 Bxe5 32. d6 Kg7 33. Rc6 c4 34. Rxc4 Rxd6 35. Rxd6 Bxd6 36. Rc6 Be5 37. Rc5 Bf6 38. c4 Rc2 39. Rc8 Rc3 40.
c5 Be5 41. c6 Rxg3+ 42. Kh4 Rc3 43. g5 f5 44. gxf6+ Kxf6 45. Kg4 h5+ 46. Kh4 Ke6 47. Rg8 Bf6# 0-1

[Event "Live Chess"]
[Site "Chess.com"]
[Date "2023.05.21"]
[Round "-"]
[White "EdenHazard8"]
[Black "MarkLim1"]
[Result "1/2-1/2"]
[WhiteElo "1928"]
[BlackElo "1726"]
[TimeControl "300"]
[EndTime "9:04:43 PDT"]
[Termination "Game drawn by agreement"]

1. e4 c6 2. d3 d5 3. exd5 cxd5 4. d4 Nf6 5. Nf3 Bg4 6. Bd3 Nc6 7. c3 e6 8. O-O Bd6 9. h3 Bh5 10. Re1 O-O 11.
Nbd2 Bg6 12. Nf1 Bxd3 13. Qxd3 Rb8 14. Bg5 h6 15. Bxf6 Qxf6 16. Ne3 b5 17. Ng4 Qe7 18.
Nge5 Nxe5 19. Nxe5 Bxe5 20. Rxe5 a5 21. Rae1 Qd7 22. f4 b4 23. f5 bxc3 24. bxc3 exf5 25.
Qxf5 Qxf5 26. Rxf5 Rfd8 27. Ree5 Rb2 28. Rxd5 Rxd5 29.
Rxd5 Rxa2 30. c4 Rc2 31. c5 a4 32. Rd8+ Kh7 33. Ra8 Rc4 34. Ra7 Rxd4 1/2-1/2

[Event "Live Chess"]
[Site "Chess.com"]
[Date "2023.05.21"]
[Round "-"]
[White "PaulHumphreys"]
[Black "friarnator"]
[Result "0-1"]
[WhiteElo "1358"]
[BlackElo "2039"]
[TimeControl "300"]
[EndTime "9:04:45 PDT"]
[Termination "friarnator won by resignation"]

1. d4 Nf6 2. Nc3 e6 3. Bf4 Bb4 4. a3 Bxc3+ 5. bxc3 d5 6. e3 c5 7. Nf3 Qa5 8. dxc5 Qxc3+ 9. Nd2 Ne4 10. Rb1 Nc6 11.
Bb5 O-O 12. Rb3 Qxd2+ 13. Qxd2 Nxd2 14. Kxd2 Na5 15. Rb2 a6 16. Be2 Bd7 17. Rhb1 Rfc8 18. f3 Rxc5 19. e4 d4 20. Bd6 Rc6 21. e5 b5 22. Bb4 Nc4+ 23. Bxc4 bxc4 24. f4 c3+ 25. Bxc3 dxc3+ 0-1